 Dungeon Crawl Stone Soup version 0.31-a0-865-g3d5d91748a (webtiles) character file.

Game seed: 14215419940044891329

4392 kae the Jinx (level 10, 0/70 HPs)
             Began as a Demonspawn Enchanter on Oct 10, 2023.
             Was a Follower of Dithmenos.
             Killed from afar by Erica (18 damage)
             ... with a bolt of poison
             ... on level 8 of the Dungeon.
             The game lasted 00:10:38 (9807 turns).

kae the Jinx (Demonspawn Enchanter)                 Turns: 9807, Time: 00:10:39

Health: 0/70       AC:  6    Str: 14    XL:     10   Next: 13%
Magic:  15/17      EV: 14    Int: 19    God:    Dithmenos [*.....]
Gold:   118        SH:  5    Dex: 16    Spells: 11/19 levels left

rFire   . . .        p - +3 dagger (drain)
rCold   . . .        (no shield)
rNeg    . . .        b - +1 robe
rPois   .            (no helmet)
rElec   .            (no cloak)
rCorr   .            B - +1 pair of gloves
SInv    .            (no boots)
Will    +....        o - amulet of reflection
Stlth   ++++         t - ring of willpower
HPRegen 0.31/turn    S - +6 ring of strength
MPRegen 0.15/turn

%: reflection
@: lethally poisoned (0 -> -16), wreathed by umbra
A: claws 1, ignite blood 2, sharp scales 1
a: Renounce Religion


You were on level 8 of the Dungeon.
You worshipped Dithmenos.
Dithmenos was aware of your devotion.
You visited 2 branches of the dungeon, and saw 9 of its levels.
You also visited: Sewer.

You collected 332 gold pieces.
You spent 214 gold pieces at shops.


Innate Abilities, Weirdness & Mutations

You have sharp fingernails.
Your demonic aura often causes spilled blood to erupt in flames.
You are partially covered in razor-sharp scales. (AC +1, Slay +1)


   Skills:
 + Level 3.3 Fighting
 * Level 6.8 Short Blades
 + Level 5.1 Dodging
 + Level 5.9 Stealth
 + Level 5.0 Spellcasting
 * Level 8.1 Hexes
 - Level 3.0 Ice Magic


You had 11 spell levels left.
You knew the following spells:

 Your Spells              Type           Power      Damage    Failure   Level
a - Ensorcelled Hibernat  Hex/Ice        50%        N/A       1%          2
b - Confusing Touch       Hex            35%        N/A       1%          3
c - Tukima's Dance        Hex            35%        N/A       1%          3

Your spell library contained the following spells:

 Spells                   Type           Power      Damage    Failure   Level
 Slow                     Hex            100%       N/A       1%          1
 Sigil of Binding         Hex            35%        N/A       1%          3
 Dazzling Flash           Conj/Hex       40%        N/A       7%          3
 Sublimation of Blood     Necr           4%         N/A       19%         2
 Hailstorm                Conj/Ice       10%        3d5       21%         3
 Vampiric Draining        Necr           4%         2d6       36%         3
 Summon Ice Beast         Ice/Summ       10%        N/A       54%         4
 Olgreb's Toxic Radiance  Pois           4%         N/A       77%         4
 Petrify                  Tmut/Erth      4%         N/A       77%         4
 Irradiate                Conj/Tmut      2%         3d12      98%         5
 Simulacrum               Ice/Necr       5%         N/A       100%        6
 Discord                  Hex            17%        N/A       100%        8
 Ignition                 Fire           2%         3d3       100%        8

Inventory:

Hand Weapons
 a - a +1 dagger
 p - a +3 dagger of draining (weapon)
   (You took it off a kobold on level 2 of the Dungeon)
 v - a +2 arbalest of freezing
   (You found it on level 3 of the Dungeon)
Missiles
 e - 93 stones
 g - 3 atropa-tipped darts
 l - 25 poisoned darts
 w - 4 silver javelins
 y - 6 javelins
Armour
 b - a +1 robe (worn)
 B - a +1 pair of gloves (worn)
   (You bought it in a shop on level 5 of the Dungeon)
Magical Staves
 z - a staff of earth {!a}
   (You found it on level 5 of the Dungeon)
 A - a staff of cold {!a}
   (You found it on level 7 of the Dungeon)
Jewellery
 o - an amulet of reflection (around neck)
   (You found it on level 2 of the Dungeon)
 t - a ring of willpower (left hand)
   (You found it on level 3 of the Dungeon)
 C - a ring of ice
   (You found it on level 3 of the Dungeon)
 S - a +6 ring of strength (right hand)
   (You found it on level 7 of the Dungeon)
Wands
 s - a wand of polymorph (3)
   (You found it in a sewer)
Scrolls
 d - 3 scrolls of noise {!r}
 i - 3 scrolls of teleportation {@r4}
 u - 3 scrolls of identify {@r1}
 D - a scroll of enchant armour
 E - a scroll of poison {!r}
 G - a scroll of fog
Potions
 c - 3 potions of invisibility
 f - 7 potions of enlightenment
 h - 3 potions of degeneration {!q}
 j - 3 potions of curing {@q1}
 k - a potion of magic
 m - a potion of lignification {!q}
 n - 3 potions of heal wounds {@q2}
 q - 3 potions of haste {@q3}
 x - 2 potions of berserk rage {!q}
 H - a potion of mutation {unknown}
Miscellaneous
 r - a lightning rod (4/4)
   (You found it in a sewer)

Dungeon Overview and Level Annotations

Branches:
Dungeon (8/15) Zot: 25836  Temple (1/1) D:7 Zot: 5606    Lair (0/5) D:8
  Sewer (visited)

Altars:
Ashenzari
Dithmenos
Fedhas
Gozag
Hepliaklqana
Makhleb
Nemelex Xobeh
Okawaru
Qazlal
Ru
Trog
Uskayaw
Wu Jian
Xom

Shops:
D:2 !(   D:5 [?!(

Annotations:
D:6 1 runed translucent door, MirrMurr's ghost, weakling SpHu
D:8 Erica

#.......#......P.......
#.<.....###...........P
..............P.โ€ ....> .
.#....).)[..P.P.......
..##.......#.....P......
..........#.oPP..P.P...
.#.....<##......)...P?
##....o.##.......รท...P
#.$.{@.###..........P.
.?.....โ˜ผ...#..#........P
.............###...[....
.........##..###........
.........##.###.........
........##....#.........
.......## ##........)..
......# ##...รท...)....
###.......).....


You could see an orc wizard.


Message History

Unknown command.
You hit the orc.
You kill the orc!
Dithmenos accepts your kill. Something hits you!
* * * LOW HITPOINT WARNING * * *
Something burns you.
* * * LOW HITPOINT WARNING * * *
๐Ÿ˜ฑ HP[-19]
You take 19 damage, and now have 8/70 hp.
MASSIVE DAMAGE!! (PAUSE)
You barely miss something. Something barely misses you.
The orc misses you. ๐Ÿ˜ฑ MP[+1] Unknown command.
As you read the scroll of fear, it crumbles to dust.
You assume a fearsome visage.
The orc looks frightened! ๐Ÿ˜ฑ HP[+1]
There is a stone staircase leading up here. ๐Ÿ˜ฑ HP[+1]
You climb upwards.
Reactivating autopickup.
There is a stone staircase leading down here.
You start resting. ๐Ÿ˜จ HP[+17] MP[+9]
You regained 17 hp, and now have 27/70 hp.
You regained 9 mp, and now have 14/17 mp.
You start resting. ๐Ÿ˜จ HP[+6] MP[+3]
You regained 6 hp, and now have 33/70 hp.
Your mp is fully restored (17).
You start resting. ๐Ÿ˜• HP[+26]
You regained 26 hp, and now have 59/70 hp.
You start resting. ๐Ÿ˜Ž HP[+11]
Your hp is fully restored (70).
You climb downwards.
Level annotation: Erica Erica laughs wildly.
Erica gestures wildly while chanting.
Erica flickers and vanishes!
Deactivating autopickup; reactivate with Ctrl-A.
There is a stone staircase leading up here.
Something hits you! Something burns you! ๐Ÿ˜ฎ HP[-20]
You take 20 damage, and now have 50/70 hp.
MASSIVE DAMAGE!! (PAUSE)
You miss something. You miss something.
You hear some strange, mumbled words.
A bolt of poison appears from out of thin air!
The bolt of poison hits you!!
You are poisoned.
* * * LOW HITPOINT WARNING * * *
You hit something.
You feel very sick. Something hits you!
* * * LOW HITPOINT WARNING * * *
Something burns you.
* * * LOW HITPOINT WARNING * * *
๐Ÿ˜ฑ HP[-36]
You take 36 damage, and now have 14/70 hp.
MASSIVE DAMAGE!! (PAUSE)
You barely miss something.
* * * LOW HITPOINT WARNING * * *
You feel sick. Something hits you!
* * * LOW HITPOINT WARNING * * *
Something burns you.
* * * LOW HITPOINT WARNING * * *
๐Ÿ˜ฑ HP[-13]
You take 13 damage, and now have 1/70 hp.
Unknown command.
You feel better. Something hits you.
* * * LOW HITPOINT WARNING * * *
Something burns you.
* * * LOW HITPOINT WARNING * * *
๐Ÿ˜ฑ HP[+4]
You regained 4 hp, and now have 5/70 hp.
You feel much better.
You block something's attack. ๐Ÿ˜จ HP[+26]
You regained 26 hp, and now have 31/70 hp.
Casting: Ensorcelled Hibernation (safe; 1% risk of failure)
Confirm with . or Enter, or press ? or * to list all spells.
Aiming: Ensorcelled Hibernation (safe; 1% risk of failure)
Press: ? - help, Shift-Dir - straight line Nothing appears to happen.
Something hits you!
* * * LOW HITPOINT WARNING * * *
Something burns you.
* * * LOW HITPOINT WARNING * * *
๐Ÿ˜จ HP[-13] MP[-2]
You take 13 damage, and now have 18/70 hp.
You lost 2 mp, and now have 15/17 mp.
You hit something but do no damage.
The orc wizard hits you but does no damage.
You hit something but do no damage.
You hear some strange, mumbled words.
A bolt of poison appears from out of thin air!
The bolt of poison hits you!!
You are poisoned.
You die...

Skill      XL: |  1  2  3  4  5  6  7  8  9 10 |
---------------+-------------------------------+-----
Short Blades   | 1 2 3 4 5 6 |  6.8
Dodging        | 2 3 4 5 |  5.1
Stealth        | 3 4 5 |  5.9
Ice Magic      | 1 2 3 |  3.0
Hexes          | 4 5 6 7 8 |  8.1
Spellcasting   | 3 4 5 |  5.0
Fighting       | 1 3 |  3.3

Action                     |  1- 3 |  4- 6 |  7- 9 | 10-12 || total
---------------------------+-------+-------+-------+-------++-------
  Melee: Dagger            |    56 |   187 |   170 |    15 ||   428
         Punch             |     1 |       |       |       ||     1
   Cast: Ensorcelled Hiber |     7 |    41 |    53 |     7 ||   108
         Confusing Touch   |       |       |     5 |       ||     5
  Evoke: Lightning rod     |       |       |     4 |       ||     4
         Wand              |       |       |     1 |       ||     1
    Use: Scroll            |     9 |     5 |     5 |     1 ||    20
         Potion            |       |     2 |       |     2 ||     4
   Stab: Sleeping          |    14 |    19 |    31 |       ||    64
         Confused          |       |       |     4 |       ||     4
 Armour: Robe              |    25 |    83 |   109 |    26 ||   243
  Dodge: Dodged            |    40 |    74 |   122 |    24 ||   260
  Block: Other             |       |    16 |    39 |     7 ||    62
         Reflection        |       |       |     1 |     1 ||     2

Levels and vault maps discovered:
D:1:      sevenhm_arrival_forest_fort_small_3, layout_loops_corners
D:2:      layout_basic, serial_shops, nicolae_shop_pleasant_corner_grove, shop,
          basic_altar, shapermc_ecumenical_altar_mp_ritualfount
D:3:      layout_loops_corners, portal_sewer_entry_e, palyth_stone_intersect,
          uniq_jessica
D:4:      layout_layer_cave, overflow_temple_1_default
D:5:      layout_cave_pools, mainiacjoe_overflow_paths,
          nicolae_overflow_hidden_temple, serial_shops,
          nicolae_shop_overgrown_old_shop, nicolae_shop_rolled_up,
          nicolae_stop_n_shop_2, shop
D:6:      layout_layer_cave, lemuel_coloured_pillars_altar,
          ebering_ghost_reflecting_pool
D:7:      layout_rooms, minmay_temple_entry_ruins, uniq_menkaure
D:8:      layout_cave_pools, due_lair_maze_entry_diamond, serial_shops, shop,
          uniq_joseph, uniq_maurice, uniq_pikel, uniq_erica
Temple:   eino_temple_lava

Notes
Turn   | Place    | Note
-------+----------+-------------------------------------------
     0 | D:1      | kae the Demonspawn Enchanter began the quest for the Orb.
     0 | D:1      | Reached XP level 1. HP: 13/13 MP: 3/3
     0 | D:1      | magus.rc [v1.11.3]
    87 | D:1      | You add the spells Olgreb's Toxic Radiance, Ignition and
                  | Discord to your library.
    96 | D:1      | Reached skill level 1 in Short Blades
   497 | D:1      | Gained mutation: You are partially covered in razor-sharp
                  | scales. (AC +1, Slay +1) [demonic ancestry]
   497 | D:1      | Reached XP level 2. HP: 19/19 MP: 5/5
   500 | D:1      | Learned a level 2 spell: Ensorcelled Hibernation
  1017 | D:2      | Reached skill level 2 in Dodging
  1019 | D:2      | Reached XP level 3. HP: 21/24 MP: 1/6
  1080 | D:2      | You pick up a book of Debilitation and begin reading...
  1080 | D:2      | You add the spells Slow, Sigil of Binding and Vampiric
                  | Draining to your library.
  1184 | D:2      | Found a faded altar of an unknown god.
  1431 | D:2      | Found Teukuf's Distillery.
  1436 | D:2      | Bought a potion of heal wounds for 70 gold pieces
  1525 | D:2      | Found a bloodstained altar of Trog.
  1573 | D:2      | Found Udamn's Weapon Shoppe.
  1951 | D:3      | Reached skill level 3 in Stealth
  1951 | D:3      | Gained mutation: Your demonic aura sometimes causes spilled
                  | blood to erupt in flames. [demonic ancestry]
  1951 | D:3      | Reached XP level 4. HP: 30/30 MP: 7/7
  1960 | D:3      | Found a glowing drain.
  1965 | Sewer    | Entered a sewer
  2011 | Sewer    | Reached skill level 1 in Ice Magic
  2149 | Sewer    | Reached skill level 2 in Short Blades
  2306 | Sewer    | Gained mutation: You have sharp fingernails. [demonic
                  | ancestry]
  2306 | Sewer    | Reached XP level 5. HP: 35/35 MP: 8/8
  2351 | Sewer    | Reached skill level 4 in Hexes
  3009 | D:3      | Noticed Jessica
  3016 | D:3      | Killed Jessica
  3550 | D:4      | Reached XP level 6. HP: 31/41 MP: 5/10
  3689 | D:4      | You pick up a book of the Tundra and begin reading...
  3689 | D:4      | You add the spells Hailstorm, Summon Ice Beast and
                  | Simulacrum to your library.
  3874 | D:4      | You pick up a book of Debilitation and begin reading...
  4095 | D:4      | HP: 4/41 [orc priest/divine providence (13)]
  4095 | D:4      | HP: 1/41 [orc priest/+0 hand axe (3)]
  4255 | D:4      | Learned a level 3 spell: Confusing Touch
  4259 | D:4      | Learned a level 3 spell: Tukima's Dance
  4530 | D:4      | Reached skill level 3 in Short Blades
  4765 | D:4      | Found a bloodstained altar of Trog.
  4900 | D:4      | Reached skill level 2 in Ice Magic
  5127 | D:5      | Entered Level 5 of the Dungeon
  5127 | D:5      | Found Heohiyk's Weapon Shoppe.
  5190 | D:5      | Found Qacri's Antique Armour Shop.
  5211 | D:5      | Reached skill level 3 in Spellcasting
  5275 | D:5      | Reached XP level 7. HP: 39/46 MP: 3/11
  5346 | D:5      | Reached skill level 3 in Dodging
  5468 | D:5      | Reached skill level 5 in Hexes
  5606 | D:5      | Bought a pair of gloves for 144 gold pieces
  5658 | D:5      | Reached skill level 4 in Stealth
  5730 | D:5      | Reached skill level 4 in Short Blades
  5865 | D:5      | Gained mutation: Your demonic aura often causes spilled
                  | blood to erupt in flames. [demonic ancestry]
  5865 | D:5      | Reached XP level 8. HP: 52/52 MP: 6/13
  5921 | D:5      | Found Gatwo's Distillery.
  6009 | D:5      | Found Fipeum's Magic Scroll Shop.
  6151 | D:6      | You pick up a book of Alchemy and begin reading...
  6151 | D:6      | You add the spells Sublimation of Blood, Petrify and
                  | Irradiate to your library.
  6700 | D:6      | Found a runed translucent door.
  6703 | D:6      | Noticed MirrMurr's ghost (weakling SpHu)
  7182 | D:6      | Found a hazy altar of Hepliaklqana.
  7270 | D:7      | Noticed Menkaure
  7272 | D:7      | Killed Menkaure
  7273 | D:7      | Reached skill level 6 in Hexes
  7273 | D:7      | Reached skill level 3 in Ice Magic
  7285 | D:7      | Found a staircase to the Ecumenical Temple.
  7297 | Temple   | Entered the Ecumenical Temple
  7314 | Temple   | Became a worshipper of Dithmenos the Shadowed
  7431 | Temple   | Reached skill level 5 in Short Blades
  7466 | Temple   | Reached skill level 4 in Spellcasting
  7689 | Temple   | Reached skill level 4 in Dodging
  8045 | D:7      | Reached skill level 1 in Fighting
  8195 | D:7      | Reached XP level 9. HP: 45/59 MP: 8/15
  8423 | D:7      | Reached skill level 5 in Stealth
  8630 | D:8      | Noticed Joseph
  9041 | D:8      | Killed Joseph
  9042 | D:8      | Reached skill level 7 in Hexes
  9180 | D:8      | Reached skill level 2 in Fighting
  9202 | D:8      | Reached * piety under Dithmenos
  9203 | D:8      | Reached skill level 6 in Short Blades
  9310 | D:8      | Found a staircase to the Lair.
  9534 | D:8      | Noticed Maurice
  9544 | D:8      | Killed Maurice
  9545 | D:8      | Reached skill level 3 in Fighting
  9545 | D:8      | Reached skill level 5 in Dodging
  9545 | D:8      | Reached XP level 10. HP: 48/70 MP: 9/17
  9576 | D:8      | Noticed Pikel
  9580 | D:8      | Noticed Erica
  9592 | D:8      | Killed Pikel
  9593 | D:8      | Reached skill level 5 in Spellcasting
  9593 | D:8      | Reached skill level 8 in Hexes
  9596 | D:8      | HP: 13/70 [something (14)]
  9801 | D:8      | HP: 14/70 [something (4)]
  9802 | D:8      | HP: 3/70 [something (9)]
  9802 | D:8      | HP: 1/70 [something (2)]
  9807 | D:8      | Killed from afar by Erica

Vanquished Creatures
  Pikel (D:8)
  Maurice (D:8)
  Joseph (D:8)
  2 yaks (D:8)
  Menkaure (D:7)
  A steam dragon (D:8)
  4 water moccasins
  2 sky beasts (D:7)
  An ice beast (D:6)
  3 black bears
  3 orc warriors
  A centaur (Temple)
  2 phantoms
  2 bullfrogs (D:8)
  4 scorpions
  A wight (D:8)
  A howler monkey (D:8)
  A hound (D:6)
  6 orc priests
  A gnoll bouda (D:7)
  A sleepcap (D:5)
  Jessica (D:3)
  3 orc wizards
  3 iguanas
  A sickly merfolk siren (Sewer)
  A malarious merfolk avatar (Sewer)
  12 gnolls
  13 adders
  2 river rats (Sewer)
  A white imp (Temple)
  2 dart slugs
  23 orcs
  10 endoplasms
  2 giant cockroaches
  3 goblins
  A hobgoblin (D:3)
  3 quokkas
  11 ball pythons
  3 bats
  10 frilled lizards
  10 kobolds
  30 rats
185 creatures vanquished.

Vanquished Creatures (others)
  An orc (D:8)
1 creature vanquished.

Grand Total: 186 creatures vanquished

Table legend:
 A = Non-vault XP
 B = Vault XP
 C = Vault XP percentage of total XP
 D = Non-vault monster count
 E = Vault monster count
 F = Vault count percentage of total count
                 A         B        C        D         E       F
            +---------+---------+-------+---------+---------+-------
      Total |    3079 |    3196 |  50.9 |     126 |      59 |  31.9
            +---------+---------+-------+---------+---------+-------
        D:1 |      17 |       0 |   0.0 |      12 |       0 |   0.0
        D:2 |      65 |       0 |   0.0 |      13 |       0 |   0.0
        D:3 |      54 |      37 |  40.7 |      18 |       1 |   5.3
        D:4 |     326 |       0 |   0.0 |      22 |       0 |   0.0
        D:5 |     895 |       0 |   0.0 |      17 |       0 |   0.0
        D:6 |     295 |       0 |   0.0 |       5 |       0 |   0.0
        D:7 |     842 |     175 |  17.2 |      27 |       1 |   3.6
        D:8 |     304 |    2813 |  90.2 |       7 |      13 |  65.0
     Temple |     281 |       0 |   0.0 |       5 |       0 |   0.0
      Sewer |       0 |     171 | 100.0 |       0 |      44 | 100.0
            +---------+---------+-------+---------+---------+-------

Skill      XL: |  1  2  3  4  5  6  7  8  9 10 |
---------------+-------------------------------+-----
Short Blades   | 1 2 3 4 5 6 |  6.8
Dodging        | 2 3 4 5 |  5.1
Stealth        | 3 4 5 |  5.9
Ice Magic      | 1 2 3 |  3.0
Hexes          | 4 5 6 7 8 |  8.1
Spellcasting   | 3 4 5 |  5.0
Fighting       | 1 3 |  3.3

Action                     |  1- 3 |  4- 6 |  7- 9 | 10-12 || total
---------------------------+-------+-------+-------+-------++-------
  Melee: Dagger            |    56 |   187 |   170 |    15 ||   428
         Punch             |     1 |       |       |       ||     1
   Cast: Ensorcelled Hiber |     7 |    41 |    53 |     7 ||   108
         Confusing Touch   |       |       |     5 |       ||     5
  Evoke: Lightning rod     |       |       |     4 |       ||     4
         Wand              |       |       |     1 |       ||     1
    Use: Scroll            |     9 |     5 |     5 |     1 ||    20
         Potion            |       |     2 |       |     2 ||     4
   Stab: Sleeping          |    14 |    19 |    31 |       ||    64
         Confused          |       |       |     4 |       ||     4
 Armour: Robe              |    25 |    83 |   109 |    26 ||   243
  Dodge: Dodged            |    40 |    74 |   122 |    24 ||   260
  Block: Other             |       |    16 |    39 |     7 ||    62
         Reflection        |       |       |     1 |     1 ||     2

Illustrated notes

Table legend:
 A = Kills in this place as a percentage of kills in the entire game.
 B = Kills by you in this place as a percentage of kills by you in the entire game.
 C = Kills by friends in this place as a percentage of kills by friends in the entire game.
 D = Other kills in this place as a percentage of other kills in the entire game.
 E = Experience gained in this place as a percentage of experience gained in the entire game.
 F = Experience gained in this place divided by the number of levels of this place that you have seen.
                   A       B       C       D       E      F
               +-------+-------+-------+-------+-------+----------------------
         Total | 100.0 | 100.0 |   N/A |   N/A | 100.0 | 627.5
       Dungeon |  73.5 |  73.5 |   N/A |   N/A |  92.8 | 727.9
        Temple |   2.7 |   2.7 |   N/A |   N/A |   4.5 | 281.0
         Sewer |  23.8 |  23.8 |   N/A |   N/A |   2.7 | 171.0
               +-------+-------+-------+-------+-------+----------------------

Table legend: (Time is in decaauts)
 A = Elapsed time spent in this place.
 B = Non-inter-level travel time spent in this place.
 C = Inter-level travel time spent in this place.
 D = Time resting spent in this place.
 E = Time spent auto-exploring this place.
 F = Levels seen in this place.
 G = Mean time per level.
                   A        B        C        D        E       F      G
               +--------+--------+--------+--------+--------+-----+--------+
         Total |   9803 |   9572 |    231 |   1881 |   5972 |  10 |  980.3 |
       Dungeon |   8731 |   8517 |    214 |   1398 |   5727 |   8 | 1091.4 |
        Temple |    393 |    376 |     17 |    337 |      8 |   1 |  393.0 |
         Sewer |    678 |    678 |      0 |    146 |    237 |   1 |  678.0 |
               +--------+--------+--------+--------+--------+-----+--------+

Top non-repeatable levels by time:
     D:4: 1741 daAuts
     D:7: 1664 daAuts
     D:6: 1270 daAuts
     D:3: 976 daAuts
     D:1: 951 daAuts
     D:5: 861 daAuts
     D:2: 814 daAuts
   Sewer: 678 daAuts
     D:8: 450 daAuts
  Temple: 393 daAuts
